 Dungeon Crawl Stone Soup version 0.29.1-2-gbd0b4ee654 (webtiles) character file.

Game seed: 2612835033496323699

562 DemonSlayer the Firebug (level 7, 0/49 HPs)
             Began as a Demonspawn Fire Elementalist on Nov 5, 2022.
             Slain by an orc wizard
             ... wielding a +0 dagger
              (4 damage)
             ... on level 5 of the Dungeon.
             The game lasted 00:09:08 (6024 turns).

DemonSlayer the Firebug (DsFE)                      Turns: 6024, Time: 00:09:08

Health: 0/49       AC:  3    Str:  8    XL:     7   Next: 10%
Magic:  2/13       EV: 12    Int: 24    God:
Gold:   270        SH:  6    Dex: 14    Spells: 4/14 levels left

rFire   . . .      SeeInvis .   c - +0 dagger (vamp)
rCold   . . .      Faith    .   (no shield)
rNeg    . . .      Spirit   .   a - +0 robe
rPois   .          Reflect  .   (helmet restricted)
rElec   .          Harm     .   e - +0 cloak
rCorr   .          Rampage  .   (no gloves)
Will    .....                   (no boots)
Stlth   ++........              (no amulet)
HPRegen 0.16/turn               k - +6 ring of intelligence
MPRegen 0.13/turn               (no ring)

@: no status effects
A: horns 1, large bone plates 2, ignite blood 1
a: no special abilities


You were on level 5 of the Dungeon.
You visited 1 branch of the dungeon, and saw 5 of its levels.

You collected 270 gold pieces.

Inventory:

Hand Weapons
 c - a +0 vampiric dagger (weapon)
Armour
 a - a +0 robe (worn)
 e - a +0 cloak (worn)
Jewellery
 k - a +6 ring of intelligence (left hand)
Scrolls
 d - a scroll of amnesia {unknown}
 f - a scroll of fog
 g - 3 scrolls of teleportation
 i - a scroll of silence {unknown}
Potions
 b - a potion of cancellation {unknown}
 h - a potion of mutation {unknown}
 j - a potion of curing {unknown}
 l - a potion of haste {unknown}


   Skills:
 + Level 1.7 Fighting
 + Level 0.3 Short Blades
 + Level 2.3 Dodging
 + Level 2.4 Stealth
 + Level 0.4 Shields
 + Level 0.3 Unarmed Combat
 + Level 4.2 Spellcasting
 + Level 3.0 Conjurations
 + Level 4.7 Fire Magic


You had 4 spell levels left.
You knew the following spells:

 Your Spells              Type           Power      Damage    Failure   Level
a - Foxfire               Conj/Fire      92%        2x1d8     1%          1
b - Scorch                Fire           54%        2d8       1%          2
c - Conjure Flame         Conj/Fire      23%        6-21      6%          3
d - Flame Wave            Conj/Fire      23%        2d8       19%         4

Your spell library contained the following spells:

 Spells                   Type           Power      Damage    Failure   Level
 Inner Flame              Hex/Fire       16%        N/A       11%         3
 Poisonous Vapours        Pois/Air       10%        N/A       14%         2
 Corpse Rot               Necr/Pois/Air  5%         N/A       67%         4


Dungeon Overview and Level Annotations

Branches:
Dungeon (5/15)
 Temple: D:4-7

Altars:


Innate Abilities, Weirdness & Mutations

You have a pair of small horns on your head.
You are mostly covered in large bone plates. (SH +6)
Your demonic aura sometimes causes spilled blood to erupt in flames.


Message History

The hound bites you.
You completely miss the hound.
The hound is almost dead.
The hound bites you. x2
You hit the hound but do no damage. Your headbutt misses the hound.
The hound is almost dead.
The hound bites you but does no damage.
You hit the hound but do no damage.
The hound is almost dead.
The hound bites you. The hound closely misses you.
You hit the hound but do no damage. You headbutt the hound.
You kill the hound!
A magic dart appears from out of thin air!
The magic dart hits you. Something hits you but does no damage.
You closely miss something.
You hear some strange, mumbled words.
A magic dart appears from out of thin air!
The magic dart hits you!
You closely miss something. Something barely misses you.
You barely miss something. Your headbutt misses something.
Something hits you but does no damage.
You hit something.
You feel better.
You miss something.
You hear some strange, mumbled words.
A magic dart appears from out of thin air!
The magic dart hits you.
You hit something but do no damage. Something hits you.
You closely miss something. You headbutt something. Something hits you.
* * * LOW HITPOINT WARNING * * *
You miss something. Something hits you.
* * * LOW HITPOINT WARNING * * *
You closely miss something. You block something's attack.
You hit something. Something hits you.
* * * LOW HITPOINT WARNING * * *
You completely miss something. Something hits you.
* * * LOW HITPOINT WARNING * * *
You hit something but do no damage. Your headbutt misses something.
Something hits you.
You die...

# #o. #... ####)###
#... #......# #....
#.##.#.########
.....####.##...........
...........##.###..###
......##.#.##.# #
#.......@{# #....#..###
#.#..#..# .. #....#..#
#. #.......# #.
#.#.##...#
#.#######..#.....#
#.........#.##...#
#.......#### .##


There were no monsters in sight!

Vanquished Creatures
  A phantom (D:4)
  Blork the orc (D:4)
  A scorpion (D:4)
  Crazy Yiuf (D:3)
  3 hounds
  5 iguanas
  An orc wizard (D:3)
  2 adders (D:2)
  2 worms
  3 dart slugs
  6 orcs
  5 bats
  8 endoplasms
  4 giant cockroaches
  6 goblins
  4 hobgoblins
  4 quokkas
  4 ball pythons
  A frilled lizard (D:3)
  5 kobolds
  8 rats
75 creatures vanquished.

Vanquished Creatures (others)
  242 foxfires
  3 plants (D:1)
245 creatures vanquished.

Grand Total: 320 creatures vanquished

Notes
Turn   | Place    | Note
-------+----------+-------------------------------------------
     0 | D:1      | DemonSlayer the Demonspawn Fire Elementalist began the
                  | quest for the Orb.
     0 | D:1      | Reached XP level 1. HP: 13/13 MP: 3/3
   743 | D:1      | Gained mutation: You are partially covered in large bone
                  | plates. (SH +4) [demonic ancestry]
   743 | D:1      | Reached XP level 2. HP: 19/19 MP: 5/5
   746 | D:1      | Learned a level 2 spell: Scorch
  1617 | D:1      | Found a faded altar of an unknown god.
  1821 | D:2      | Reached XP level 3. HP: 22/24 MP: 2/6
  2963 | D:2      | Learned a level 3 spell: Conjure Flame
  3433 | D:3      | Gained mutation: You have a pair of small horns on your
                  | head. [demonic ancestry]
  3433 | D:3      | Reached XP level 4. HP: 21/30 MP: 4/7
  3815 | D:3      | Reached skill level 1 in Fighting
  3924 | D:3      | Found a runed translucent door.
  3925 | D:3      | Noticed Crazy Yiuf
  4358 | D:3      | Gained mutation: You are mostly covered in large bone
                  | plates. (SH +6) [demonic ancestry]
  4358 | D:3      | Reached XP level 5. HP: 37/37 MP: 9/9
  4541 | D:3      | Killed Crazy Yiuf
  4850 | D:4      | Gained mutation: Your demonic aura sometimes causes spilled
                  | blood to erupt in flames. [demonic ancestry]
  4850 | D:4      | Reached XP level 6. HP: 44/44 MP: 0/11
  4975 | D:4      | Noticed Blork the orc
  5258 | D:4      | Killed Blork the orc
  5685 | D:4      | Learned a level 4 spell: Flame Wave
  5711 | D:5      | Entered Level 5 of the Dungeon
  5984 | D:5      | Reached XP level 7. HP: 49/49 MP: 6/13
  6024 | D:5      | Slain by an orc wizard

Illustrated notes

Levels and vault maps discovered:
D:1:      minmay_arrival_four_houses, layout_basic,
          dilly_ecumenical_altar_fadedgnrine, minivault_11
D:2:      layout_loops_corners
D:3:      layout_loops_ring, chequers_serial_rivers_room_b,
          uniq_crazy_yiuf_cottage
D:4:      layout_basic, uniq_blork_the_orc
D:5:      layout_loops_cross, mainiacjoe_overflow_tiny_flanked

Skill      XL: |  1  2  3  4  5  6 |
---------------+-------------------+-----
Fire Magic     | 3 4 |  4.7
Dodging        | 2 |  2.3
Conjurations   | 2 3 |  3.0
Stealth        | 2 |  2.4
Fighting       | 1 |  1.7
Spellcasting   | 3 4 |  4.2
Short Blades   | |  0.3
Shields        | |  0.4
Unarmed Combat | |  0.3

Action                   |  1- 3 |  4- 6 |  7- 9 || total
-------------------------+-------+-------+-------++-------
Melee: Unarmed           |    17 |       |       ||    17
       Dagger            |    72 |    52 |    21 ||   145
       Headbutt          |       |     6 |     2 ||     8
       Punch             |       |     2 |       ||     2
 Cast: Foxfire           |   117 |    32 |     3 ||   152
       Scorch            |       |    39 |     3 ||    42
  Use: Potion            |       |     4 |       ||     4
       Scroll            |       |    10 |       ||    10
 Stab: Sleeping          |     1 |     1 |       ||     2
       Distracted        |       |     1 |       ||     1
Armor: Robe              |    20 |     6 |     5 ||    31
Dodge: Dodged            |    55 |    33 |     7 ||    95
Block: Other             |    11 |    13 |     5 ||    29
